 Dungeon Crawl Stone Soup version 0.30.1 (webtiles) character file.

Game seed: 13019068168671197623

7182 growler the Martial Artist (level 10, -4/80 HPs)
             Began as a Green Draconian Transmuter on July 11, 2023.
             Was a Priest of Wu Jian.
             Slain by a gnoll sergeant
             ... wielding a +0 halberd
              (15 damage)
             ... in a bailey.
             The game lasted 00:30:49 (9941 turns).

growler the Martial Artist (DrTm)                   Turns: 9941, Time: 00:30:50

Health: -4/80      AC:  2    Str: 12    XL:     10   Next: 86%
Magic:  0/16       EV: 22    Int: 14    God:    Wu Jian [***...]
Gold:   803        SH:  0    Dex: 21    Spells: 7/17 levels left

rFire   . .          .
                       - Unarmed
rCold   . . .        (shield currently unavailable)
rNeg    . . .        (body armour unavailable)
rPois   x            (helmet currently unavailable)
rElec   .            p - melded +2 cloak
rCorr   +            q - melded +0 pair of gloves
SInv    .            (boots currently unavailable)
Will    .....        e - amulet of guardian spirit
Stlth   ++           c - ring of wizardry
HPRegen 0.33/turn    i - ring of resist corrosion
MPRegen 0.15/turn

%: guardian spirit, wizardry (x1)
@: spider-form (expiring), weakened
A: venomous fangs, (breathe noxious fumes), AC +7, tiny, unfitting armour,
(poison resistance), (cold-blooded)
a: End Transformation, Renounce Religion, Wall Jump, Serpent's Lash


You were in a bailey.
You worshipped Wu Jian.
Wu Jian was most pleased with you.
You were a venomous arachnid creature.
You visited 1 branch of the dungeon, and saw 9 of its levels.
You also visited: Bailey.

You collected 803 gold pieces.

Inventory:

Missiles
 j - 4 throwing nets
Armour
 h - a scarf of resistance
 p - a +2 cloak (melded)
 q - a +0 pair of gloves (melded)
Jewellery
 c - a ring of wizardry (left front pincers)
 e - an amulet of guardian spirit (around neck)
 i - a ring of resist corrosion (right front pincers)
 t - a ring of protection from fire
Wands
 u - a wand of digging (7)
 x - a wand of quicksilver (7)
 C - a wand of flame (11)
 E - a wand of paralysis (14)
Scrolls
 d - 3 scrolls of enchant armour {unknown}
 g - a scroll of identify
 m - a scroll of enchant weapon
 n - a scroll of noise {unknown}
 r - 4 scrolls of fog {unknown}
 v - 3 scrolls of poison
 y - a scroll of brand weapon {unknown}
 A - 2 scrolls of teleportation
 D - a scroll of silence {unknown}
Potions
 a - a potion of lignification
 b - 2 potions of heal wounds
 f - a potion of ambrosia
 k - 2 potions of might
 l - 5 potions of curing
 o - 5 potions of brilliance
 s - a potion of cancellation
 w - a potion of invisibility
 z - 2 potions of berserk rage
 B - a potion of attraction


   Skills:
 + Level 4.8 Fighting
 + Level 4.3 Dodging
 + Level 13.1 Unarmed Combat
 - Level 4.0 Spellcasting
 - Level 7.0 Transmutations
 - Level 4.0 Ice Magic


You had 7 spell levels left.
You knew the following spells:

 Your Spells              Type           Power      Damage    Failure   Level
a - Beastly Appendage     Tmut           44%        N/A       2%          1
b - Wereblood             Tmut           22%        N/A       2%          2
c - Spider Form           Tmut/Pois      12%        N/A       13%         3
d - Ice Form              Ice/Tmut       18%        N/A       17%         4

Your spell library contained the following spells:

 Spells                   Type           Power      Damage    Failure   Level
 Freeze                   Ice            56%        1d7       4%          1
 Frozen Ramparts          Ice            28%        1d5       11%         3
 Hailstorm                Conj/Ice       8%         3d4       21%         3
 Sublimation of Blood     Necr           2%         N/A       22%         2
 Petrify                  Tmut/Erth      12%        N/A       32%         4
 Irradiate                Conj/Tmut      6%         3d13      58%         5
 Animate Dead             Necr           2%         N/A       71%         4
 Haunt                    Necr/Summ      1%         N/A       100%        7
 Infestation              Necr           1%         N/A       100%        8


Dungeon Overview and Level Annotations

Branches:
Dungeon (9/15)             Temple (0/1) D:5          Bailey (1/1)
   Lair: D:8-11         Orc: D:9-12

Altars:
Ashenzari
Cheibriados
Dithmenos
Elyvilon
Fedhas
Makhleb
Nemelex Xobeh
Okawaru
Uskayaw
Wu Jian
Xom
Yredelemnul
Zin

Shops:
D:1 *

Annotations:
D:3 2 transporters
D:4 1 runed translucent door, SirLogeyBear's ghost, amateur HOBe
D:7 4 runed translucent doors


Innate Abilities, Weirdness & Mutations

You are a venomous arachnid creature.
You have venomous fangs.
You are tiny and dextrous.
Your spellcasting is less reliable in this form.
Your armour is entirely melded.
You are incapable of wielding weapons or throwing items.
((You can breathe blasts of noxious fumes.))
((Your lurid green scales are hard. (AC +7)))
You cannot fit into any form of body armour.
((Your system is resistant to poisons. (rPois)))
((You are cold-blooded and may be slowed by cold attacks.))


Message History

The gnoll sergeant is poisoned.
You spin and attack the gnoll sergeant repeatedly.
You hit the gnoll sergeant.
The gnoll sergeant looks as sick as possible!
The gnoll sergeant is heavily wounded.
You hit the gnoll sergeant.
The gnoll sergeant looks as sick as possible!
The gnoll sergeant is severely wounded.
Your attacks no longer feel as feeble.
The gnoll sergeant is no longer moving quickly.
The gnoll sergeant hits you with a +0 glaive!
The gnoll bouda closely misses you. The gnoll sergeant closely misses you.
The gnoll bouda barely misses you.
There is an open door here.
You spin and attack the gnoll sergeant repeatedly.
You bite the gnoll sergeant!
You kill the gnoll sergeant!
The Council accepts your kill. The gnoll sergeant closely misses you.
The gnoll bouda hits you from afar with a +0 spear.
Unknown command.
You feel less exhausted.
The gnoll bouda barks out a call to the hunt!
The gnoll sergeant picks up the pace!
You lunge at the gnoll sergeant.
You hit the gnoll sergeant.
The gnoll sergeant looks as sick as possible!
The gnoll sergeant is lightly wounded.
The gnoll bouda gazes fiercely through you!
You feel your attacks grow feeble. The gnoll bouda misses you.
The gnoll bouda hits you from afar with a +0 halberd!!
* * * LOW HITPOINT WARNING * * *
You spin and attack the gnoll sergeant.
You hit the gnoll sergeant but do no damage.
The gnoll sergeant is lightly wounded.
The gnoll sergeant hits you with a +0 halberd!
* * * LOW HITPOINT WARNING * * *
Unknown command.
The gnoll sergeant hits you from afar with a +0 halberd!
You die...

.###.8.. #...8.##...≈♣
.# #.....#......##..≈♣
.# #....g'..))...#..≈♣
.# #...#####))...#..≈♣
.# +. ##...##..g.#..≈♣
.######.....###g##..≈♣
.'...#.......#g.)...≈♣
.'...'.))8...'......≈♣
.'...#..))...#..s...≈♣
.######.....###'##.)≈♣
.#.'.)##...##.)).#).≈♣
.#)#...#####)).).#).≈♣
.#.#.............#..≈♣
.#|#............##..≈♣
.###.8.......8.##...≈♣
...#############...≈≈♣
≈≈≈≈≈≈≈≈≈≈≈≈≈≈≈≈≈≈≈≈♣♣


You could see a gnoll sergeant (swift, extremely poisoned) and 2 gnoll boudas.

Vanquished Creatures
  Grinder (D:6)
  A wyvern (D:8)
  9 yaks
  A vampire mosquito (D:7)
  Menkaure (D:7)
  3 steam dragons
  3 water moccasins
  An acid dragon (D:6)
  An orc warrior (D:8)
  Duvessa (D:7)
  A black bear (D:7)
  A sky beast (D:7)
  4 ice beasts
  An ogre (D:5)
  7 wolves (Bailey)
  3 phantoms
  2 kobold brigands
  6 bullfrogs
  9 gnoll sergeants
  Dowan (D:7)
  10 killer bees
  4 howler monkeys
  8 hounds
  A jelly (D:6)
  Crazy Yiuf (D:2)
  2 sleepcaps
  5 gnoll boudas
  5 iguanas
  An orc wizard (D:7)
  Natasha (twice) (D:2)
  Ijyb (D:4)
  Robin (D:2)
  22 gnolls
  6 adders
  2 shadow imps (D:7)
  4 white imps
  An ufetubus (D:4)
  2 worms
  2 dart slugs
  4 orcs (D:8)
  7 bats (D:2)
  5 endoplasms
  4 giant cockroaches
  11 hobgoblins
  3 quokkas
  9 ball pythons
  4 frilled lizards
  16 goblins
  23 kobolds
  2 rats
225 creatures vanquished.

Vanquished Creatures (collateral kills)
  A killer bee (D:5)
1 creature vanquished.

Grand Total: 226 creatures vanquished

Notes
Turn   | Place    | Note
-------+----------+-------------------------------------------
     0 | D:1      | growler the Draconian Transmuter began the quest for the
                  | Orb.
     0 | D:1      | Reached XP level 1. HP: 16/16 MP: 3/3
   194 | D:1      | Found Wacvet's General Store.
   414 | D:1      | Reached XP level 2. HP: 23/23 MP: 5/5
   466 | D:1      | Learned a level 2 spell: Wereblood
   805 | D:2      | Reached XP level 3. HP: 28/28 MP: 3/6
   892 | D:2      | Learned a level 3 spell: Spider Form
  1032 | D:2      | Found a runed translucent door.
  1033 | D:2      | Noticed Crazy Yiuf
  1067 | D:2      | Noticed Natasha
  1087 | D:2      | Killed Natasha
  1088 | D:2      | Reached XP level 4. HP: 19/35 MP: 2/8
  1171 | D:2      | Noticed Robin
  1191 | D:2      | Killed Robin
  1192 | D:2      | Reached skill level 4 in Unarmed Combat
  1755 | D:2      | Noticed Natasha
  1761 | D:2      | Killed Natasha
  1762 | D:2      | Reached XP level 5. HP: 39/40 MP: 7/9
  1767 | D:2      | Learned a level 4 spell: Ice Form
  1942 | D:2      | Killed Crazy Yiuf
  2515 | D:3      | Noticed a +0 hand axe
  2518 | D:3      | Noticed a +0 dagger
  2520 | D:3      | Found a hide-covered altar of Uskayaw.
  2545 | D:3      | Found a shadowy altar of Dithmenos.
  2585 | D:3      | Found a transporter.
  2585 | D:3      | Found a transporter.
  2654 | D:3      | Identified the +3 halberd of the Desolation of Salt {venom,
                  | rN+ rCorr}
  2791 | D:3      | Found an ornate altar of the Wu Jian Council.
  2801 | D:3      | Became a worshipper of the Wu Jian Council
  3098 | D:4      | Reached skill level 5 in Unarmed Combat
  3098 | D:4      | Reached XP level 6. HP: 31/47 MP: 7/10
  3168 | D:4      | Found a shimmering altar of Xom.
  3196 | D:4      | Noticed Ijyb
  3211 | D:4      | Killed Ijyb
  3311 | D:4      | Found a runed translucent door.
  3311 | D:4      | Noticed SirLogeyBear's ghost (amateur HOBe)
  3741 | D:4      | Reached skill level 5 in Transmutations
  3830 | D:4      | Reached skill level 6 in Unarmed Combat
  3830 | D:4      | Your scales start taking on a lurid green colour.
  3830 | D:4      | Reached XP level 7. HP: 16/52 MP: 3/11
  3830 | D:4      | Gained mutation: Your system is resistant to poisons.
                  | (rPois) [Green Draconian growth]
  4052 | D:5      | Entered Level 5 of the Dungeon
  4073 | D:5      | Reached skill level 7 in Unarmed Combat
  4389 | D:5      | Reached skill level 8 in Unarmed Combat
  4438 | D:5      | Reached XP level 8. HP: 52/59 MP: 9/12
  4626 | D:5      | Found a sparkling altar of Nemelex Xobeh.
  4679 | D:5      | Found a staircase to the Ecumenical Temple.
  4702 | D:5      | Reached * piety under Wu Jian
  4757 | D:5      | Found a white marble altar of Elyvilon.
  4859 | D:5      | Found an iron altar of Okawaru.
  4956 | D:6      | Found a basalt altar of Yredelemnul.
  4980 | D:6      | Reached skill level 9 in Unarmed Combat
  5007 | D:6      | Found a burning altar of Makhleb.
  5374 | D:6      | Reached skill level 10 in Unarmed Combat
  5507 | D:6      | Reached skill level 1 in Ice Magic
  5921 | D:6      | Noticed Grinder
  5930 | D:6      | Killed Grinder
  5931 | D:6      | Reached XP level 9. HP: 64/64 MP: 7/14
  6150 | D:6      | Found a glowing silver altar of Zin.
  6417 | D:7      | Noticed Menkaure
  6417 | D:7      | Found a snail-covered altar of Cheibriados.
  6426 | D:7      | Killed Menkaure
  6630 | D:7      | Found a broken altar of Ashenzari.
  6736 | D:7      | Noticed Dowan
  6737 | D:7      | Noticed Duvessa
  6743 | D:7      | Killed Dowan
  6752 | D:7      | Killed Duvessa
  6881 | D:7      | Found a large runed translucent door.
  6881 | D:7      | Found a large runed translucent door.
  7009 | D:7      | Reached ** piety under Wu Jian
  7079 | D:7      | Noticed a deep elf pyromancer
  7079 | D:7      | Noticed a manticore
  7147 | D:7      | Found a large runed translucent door.
  7147 | D:7      | Found a large runed translucent door.
  7716 | D:7      | Reached skill level 11 in Unarmed Combat
  8221 | D:8      | Reached XP level 10. HP: 71/71 MP: 10/16
  8225 | D:8      | Reached skill level 12 in Unarmed Combat
  8323 | D:8      | Found a blossoming altar of Fedhas.
  9354 | D:9      | Reached *** piety under Wu Jian
  9358 | D:9      | Found a flagged portal.
  9433 | Bailey   | Entered a bailey
  9684 | Bailey   | Reached skill level 13 in Unarmed Combat
  9941 | Bailey   | Slain by a gnoll sergeant

Illustrated notes

Levels and vault maps discovered:
D:1:      nicolae_arrival_somewhat_less_tricky_arrival, layout_basic,
          serial_shops, shop
D:2:      layout_basic, kennysheep_boxes, uniq_natasha, uniq_crazy_yiuf_cottage,
          uniq_robin
D:3:      layout_basic, dancing_weapons_uskayaw,
          nicolae_wu_jian_immortal_techniques, mainiacjoe_overflow_catwalk,
          gammafunk_ghost_gnarly_gnolls
D:4:      layout_loops_ring, lemuel_doored_altar, gammafunk_ghost_grave,
          uniq_ijyb
D:5:      layout_rooms, elyvilon_altar_1, nemelex_dance_club_becter,
          okawaru_trees_2, temple_doors_ab
D:6:      kennysheep_kobold_camp, layout_loops_corners,
          overflow_temple_1_default, kennysheep_mini_moat,
          mainiacjoe_overflow_chevrons, uniq_grinder
D:7:      layout_basic, cheibriados_altar_1, nicolae_overflow_crystal_walls,
          minmay_hollow_rounded_squares, uniq_duvessa, uniq_menkaure
D:8:      layout_loops_ring, mainiacjoe_overflow_brackets,
          hangedman_abyss_or_decor_clamps
D:9:      layout_loops_ring, nicolae_hepliaklqana_hazy_memory, enter_bailey_3
Bailey:   bailey_polearm_gnolls_kennysheep, bailey

Skill      XL: |  1  2  3  4  5  6  7  8  9 10 |
---------------+-------------------------------+-----
Transmutations | 3 4 5 7 |  7.0
Spellcasting   | 3 4 |  4.0
Unarmed Combat | 4 5 6 8 10 11 13 | 13.1
Ice Magic      | 2 4 |  4.0
Dodging        | 4 |  4.3
Fighting       | 4 |  4.8

Action                     |  1- 3 |  4- 6 |  7- 9 | 10-12 || total
---------------------------+-------+-------+-------+-------++-------
  Melee: Unarmed           |    81 |   171 |   322 |   190 ||   764
         Tailslap          |     5 |    12 |    27 |     6 ||    50
         Kick              |    12 |    27 |    18 |       ||    57
         Headbutt          |     3 |    20 |    19 |       ||    42
         Punch             |     1 |     3 |     5 |     5 ||    14
   Cast: Beastly Appendage |    13 |    25 |    13 |       ||    51
         Wereblood         |     1 |     3 |     2 |       ||     6
         Spider Form       |       |     3 |     9 |     1 ||    13
         Ice Form          |       |     1 |    10 |     9 ||    20
 Invoke: Serpent's Lash    |       |       |       |     1 ||     1
Ability: Lunge             |       |     3 |    12 |    29 ||    44
         Breathe Noxious F |       |       |     3 |       ||     3
         Whirlwind         |       |       |     2 |    58 ||    60
         Wall Jump         |       |       |       |     1 ||     1
    Use: Scroll            |       |     2 |     1 |    10 ||    13
         Potion            |       |       |       |     1 ||     1
   Stab: Sleeping          |     1 |     1 |     2 |       ||     4
         Confused          |       |       |     2 |       ||     2
         Distracted        |       |       |     1 |       ||     1
 Armour: Skin              |    28 |    51 |    78 |    29 ||   186
  Dodge: Dodged            |    50 |   105 |   163 |   108 ||   426
